 Dungeon Crawl Stone Soup version 0.28.0-1-gb440e238dd (webtiles) character file.

Game seed: 3676734931545182823

105 Ablot the Grasshopper (level 4, -2/38 HPs)
             Began as a Gnoll Warper on Feb 19, 2022.
             Slain by Sigmund (10 damage)
             ... on level 3 of the Dungeon.
             The game lasted 00:02:34 (3173 turns).

Ablot the Grasshopper (Gnoll Warper)                Turns: 3173, Time: 00:02:35

Health: -2/38      AC:  4    Str: 13    XL:     4   Next: 81%
Magic:  11/11      EV: 12    Int: 12    God:
Gold:   59         SH:  0    Dex: 11    Spells: 11/13 levels left

rFire   . . .      SeeInvis .   n - +2 dagger (venom)
rCold   . . .      Faith    .   (no shield)
rNeg    . . .      Spirit   .   b - +0 leather armour
rPois   .          Reflect  .   (no helmet)
rElec   .          Harm     .   (no cloak)
rCorr   .          Rampage  .   (no gloves)
Will    .....                   i - +0 pair of boots
Stlth   +.........              (no amulet)
HPRegen 0.12/turn               (no ring)
MPRegen 0.12/turn               (no ring)

@: no status effects
A: fangs 1, strong nose, distributed training
a: no special abilities


You were on level 3 of the Dungeon.
You visited 1 branch of the dungeon, and saw 3 of its levels.

You collected 59 gold pieces.

Inventory:

Hand Weapons
 a - a +0 spear
 n - a +2 dagger of venom (weapon)
Missiles
 d - 5 boomerangs of dispersal (quivered)
 j - 20 bolts
 k - 54 stones
Armour
 b - a +0 leather armour (worn)
 i - a +0 pair of boots (worn)
Scrolls
 c - a scroll of blinking
 f - a scroll of summoning {unknown}
 h - a scroll of immolation {unknown}
 l - a scroll of magic mapping {unknown}
 m - 2 scrolls of identify {unknown}
 p - 3 scrolls of vulnerability {unknown}
Potions
 e - a potion of curing {unknown}
 g - a potion of invisibility {unknown}
 o - a potion of brilliance {unknown}


   Skills:
 + Level 4.7 Fighting
 + Level 1.2 Short Blades
 + Level 1.2 Long Blades
 + Level 1.2 Axes
 + Level 1.2 Maces & Flails
 + Level 4.7 Polearms
 + Level 1.2 Staves
 + Level 1.2 Slings
 + Level 1.2 Bows
 + Level 1.2 Crossbows
 + Level 2.8 Throwing
 + Level 2.8 Armour
 + Level 4.7 Dodging
 + Level 1.2 Stealth
 + Level 1.2 Shields
 + Level 1.2 Unarmed Combat
 + Level 5.1 Spellcasting
 + Level 1.0 Conjurations
 + Level 1.0 Hexes
 + Level 1.0 Summonings
 + Level 1.0 Necromancy
 + Level 5.5 Translocations
 + Level 1.0 Transmutations
 + Level 1.0 Fire Magic
 + Level 1.0 Ice Magic
 + Level 1.0 Air Magic
 + Level 1.0 Earth Magic
 + Level 1.0 Poison Magic
 + Level 1.4 Invocations
 + Level 1.2 Evocations


You had 11 spell levels left.
You knew the following spells:

 Your Spells              Type           Power      Damage    Failure   Level
a - Blink                 Tloc           32%        N/A       4%          2

Your spell library contained the following spells:

 Spells                   Type           Power      Damage    Failure   Level
 Gell's Gravitas          Tloc           16%        N/A       8%          3
 Lesser Beckoning         Tloc           16%        N/A       8%          3
 Teleport Other           Tloc           16%        N/A       8%          3
 Manifold Assault         Tloc           16%        N/A       58%         5


Dungeon Overview and Level Annotations

Branches:
Dungeon (3/15)

Altars:

Annotations:
D:3 Sigmund


Innate Abilities, Weirdness & Mutations

You have very sharp teeth.
Your uncanny sense of smell can sniff out nearby items.
Your experience applies equally to all skills.


Message History

The jackal is severely wounded.
You kill the jackal!
No target in view!
No target in view!
No target in view!
No target in view!
No target in view!
No target in view!
No target in view!
No target in view!
No target in view!
No target in view!
No target in view!
No target in view!
You see here a jackal corpse.
Found a glaive.
You open the door.
There is an open door here.
p - 3 scrolls labelled FUFIUQ AFYRA
Found a robe.
Found a mace.
Sigmund the Dreaded comes into view.
He is wielding a +0 scythe and carrying a wand of flame (17).
Found a stone staircase leading down.
Sigmund drinks a potion.
Sigmund seems to speed up.
Sigmund hits you from afar with a +0 scythe!
Sigmund casts a spell.
Sigmund flickers and vanishes!
Deactivating autopickup; reactivate with Ctrl-A.
Something barely misses you.
No target in view!
You hit something. You barely miss something. Something hits you.
You miss something. Something hits you!
You hit something but do no damage.
You hear a zap.
A puff of flame appears from out of thin air!
The puff of flame hits you!
* * * LOW HITPOINT WARNING * * *
Something hits you!
You die...

#.............)..##.########
.............................
###.#..##..#.........########
#.#..............#.# .
.#.#.#.#.#.# #+#.#.#.#.#.# .
∆ #.#.#.#.# #.......#
##>@....# #{.#.#.# ..........
###..###...# ...# .#.# ###.#
#.# #.. ###


There were no monsters in sight!

Vanquished Creatures
  Terence (D:2)
  2 adders (D:2)
  A worm (D:2)
  5 endoplasms
  2 giant cockroaches (D:1)
  7 goblins
  9 hobgoblins
  3 jackals (D:3)
  4 kobolds
  2 quokkas
  4 ball pythons (D:1)
  3 bats
  4 frilled lizards
  7 rats
54 creatures vanquished.

Notes
Turn   | Place    | Note
-------+----------+-------------------------------------------
     0 | D:1      | Ablot the Gnoll Warper began the quest for the Orb.
     0 | D:1      | Reached XP level 1. HP: 20/20 MP: 6/6
   185 | D:1      | Found a faded altar of an unknown god.
   204 | D:1      | Reached XP level 2. HP: 13/26 MP: 7/7
   210 | D:1      | Learned a level 2 spell: Blink
   852 | D:1      | Reached XP level 3. HP: 31/31 MP: 9/9
   926 | D:1      | Reached skill level 5 in Spellcasting
  1374 | D:2      | Noticed Terence
  1405 | D:2      | Killed Terence
  1406 | D:2      | Reached skill level 1 in Short Blades
  1406 | D:2      | Reached skill level 1 in Long Blades
  1406 | D:2      | Reached skill level 1 in Axes
  1406 | D:2      | Reached skill level 1 in Maces & Flails
  1406 | D:2      | Reached skill level 1 in Staves
  1406 | D:2      | Reached skill level 1 in Slings
  1406 | D:2      | Reached skill level 1 in Bows
  1406 | D:2      | Reached skill level 1 in Crossbows
  1406 | D:2      | Reached skill level 1 in Stealth
  1406 | D:2      | Reached skill level 1 in Shields
  1406 | D:2      | Reached skill level 1 in Unarmed Combat
  1406 | D:2      | Reached skill level 1 in Invocations
  1406 | D:2      | Reached skill level 1 in Evocations
  1406 | D:2      | Reached XP level 4. HP: 22/38 MP: 8/11
  2597 | D:2      | Reached skill level 1 in Conjurations
  2597 | D:2      | Reached skill level 1 in Hexes
  2597 | D:2      | Reached skill level 1 in Summonings
  2597 | D:2      | Reached skill level 1 in Necromancy
  2597 | D:2      | Reached skill level 1 in Transmutations
  2597 | D:2      | Reached skill level 1 in Fire Magic
  2597 | D:2      | Reached skill level 1 in Ice Magic
  2597 | D:2      | Reached skill level 1 in Air Magic
  2597 | D:2      | Reached skill level 1 in Earth Magic
  2597 | D:2      | Reached skill level 1 in Poison Magic
  3166 | D:3      | Noticed Sigmund
  3173 | D:3      | Slain by Sigmund

Illustrated notes

Levels and vault maps discovered:
D:1:      wheals_arrival_linesprint, layout_loops_ring,
          shapermc_ecumenical_altar_starsandcircs,
          chequers_serial_rivers_micro_a
D:2:      layout_basic, minivault_26, kennysheep_nondescript, uniq_terence
D:3:      layout_basic, mainiacjoe_overflow_alcove_4, dk_noncrumbling_3,
          uniq_crazy_yiuf_cottage, uniq_grinder, uniq_sigmund

Skill      XL: |  1  2  3  4 |
---------------+-------------+-----
Spellcasting   | 5 |  5.1
Short Blades   | 1 |  1.2
Long Blades    | 1 |  1.2
Axes           | 1 |  1.2
Maces & Flails | 1 |  1.2
Staves         | 1 |  1.2
Slings         | 1 |  1.2
Bows           | 1 |  1.2
Crossbows      | 1 |  1.2
Stealth        | 1 |  1.2
Shields        | 1 |  1.2
Unarmed Combat | 1 |  1.2
Invocations    | 1 |  1.4
Evocations     | 1 |  1.2
Conjurations   | 1 |  1.0
Hexes          | 1 |  1.0
Summonings     | 1 |  1.0
Necromancy     | 1 |  1.0
Transmutations | 1 |  1.0
Fire Magic     | 1 |  1.0
Ice Magic      | 1 |  1.0
Air Magic      | 1 |  1.0
Earth Magic    | 1 |  1.0
Poison Magic   | 1 |  1.0
Fighting       | |  4.7
Polearms       | |  4.7
Throwing       | |  2.8
Armour         | |  2.8
Dodging        | |  4.7
Translocations | |  5.5

Action                   |  1- 3 |  4- 6 || total
-------------------------+-------+-------++-------
Melee: Spear             |   121 |    70 ||   191
       Bite              |     6 |     3 ||     9
       Dagger            |       |    20 ||    20
       Punch             |       |     1 ||     1
 Cast: Blink             |     1 |       ||     1
 Stab: Sleeping          |     3 |       ||     3
Armor: Leather armour    |    19 |    20 ||    39
Dodge: Dodged            |    45 |    49 ||    94
